 Dungeon Crawl Stone Soup version 0.31.0-12-g77e489cdc1 (webtiles) character file.

Game seed: 15107835561118487351

2592391 RepoMan the Cat of Death (level 27, 142/142 (146) HPs)
             Began as a Felid Summoner on Feb 16, 2024.
             Was the Champion of Jiyva.
             Escaped with the Orb
             ... and 4 runes
             ... and 1 gem (0 intact) on Feb 22, 2024!
             The game lasted 14:35:20 (63279 turns).

RepoMan the Cat of Death (Felid Summoner)          Turns: 63279, Time: 14:35:21

HP:   142/142 (146) AC:  5    Str: 16      XL:     27
MP:   21/55         EV: 30    Int: 33 (34) God:    Jiyva [******]
Gold: 1966          SH:  5    Dex: 17      Spells: 11/80 levels left
                                        Lives: 1   Deaths: 6

rFire   + + .        (weapon unavailable)
rCold   + . .        (shield unavailable)
rNeg    + . .        (body armour unavailable)
rPois   .            (helmet unavailable)
rElec   +            (cloak unavailable)
rCorr   +            (gloves unavailable)
SInv    +            (boots unavailable)
Will    ++++.        B - amulet of Tynol {Reflect ^Contam rElec rF+++ rCorr SH+5}
Stlth   ++           f - +6 ring of intelligence
HPRegen 2.83/turn    E - ring of Xoiff {Ice rN+ Int+3 Stlth-}
MPRegen 1.14/turn

%: reflection, clarity
@: beast-form, hasted, lightly drained, very quick
A: beast (slay +0), very small, claws 1, fangs 3, see invisible, shaggy fur 3,
stealthy paws, no weapons or thrown items, no armour, multi-lived, antennae 3,
iridescent scales 1, clarity, sense surroundings 1, regeneration 1, robust 1,
strong 2, eyeballs 3, translucent skin 1, evolution 1, cold vulnerability 1
0: Orb of Zot
}: 4/15 runes: barnacled, slimy, silver, gossamer
a: Begin Untransformation, Renounce Religion, Oozemancy, Slimify


You escaped.
You worshipped Jiyva.
Jiyva was exalted by your worship.
You were a hulking beast.
You visited 13 branches of the dungeon, and saw 58 of its levels.
You visited 1 ziggurat, and saw 4 of its levels.
You also visited: Gauntlet, Ice Cave and Wizlab.

You collected 5094 gold pieces.
You spent 3128 gold pieces at shops.

Inventory:

Jewellery
 f - a +6 ring of intelligence (left paw)
 h - a ring of wizardry
 m - a ring of flight
 p - a +6 ring of strength
 t - the amulet of Pada {Rampage rF+ Regen+ Int-3}
   (You found it on level 5 of the Pits of Slime)

   [amulet of regeneration]

   Int-3:     It affects your intelligence (-3).
   rF+:       It protects you from fire.
   Regen+:    It increases your rate of health regeneration.
   Rampage:   It bestows one free step when moving towards enemies.
 u - the ring of Dogma {Ice rElec rPois Will++ Str-5}
   (You found it in an ice cave)

   [ring of ice]

   Ice:       It enhances your ice magic.
   Str-5:     It affects your strength (-5).
   rF-:       It makes you vulnerable to fire.
   rC+:       It protects you from cold.
   rElec:     It insulates you from electricity.
   rPois:     It protects you from poison Will++: It greatly increases your
   willpower.
 x - the amulet "Sogroha" {Acrobat rF+}
   (You bought it in a shop on level 2 of the Orcish Mines)

   [amulet of the acrobat]

   Acrobat:   It increases your evasion while moving and waiting.
   rF+:       It protects you from fire.
 B - the amulet of Tynol (around neck) {Reflect ^Contam rElec rF+++ rCorr SH+5}
   (You found it on level 4 of a ziggurat)

   [amulet of reflection]

   Reflect:   It reflects blocked missile attacks.
   rF+++:     It renders you almost immune to fire.
   rElec:     It insulates you from electricity.
   ^Contam:   It causes magical contamination when unequipped.
   rCorr:     It protects you from acid and corrosion.
   SH+5:      It affects your SH (+5).
 D - a ring of protection from fire
 E - the ring of Xoiff (right paw) {Ice rN+ Int+3 Stlth-}
   (You took it off Josephina on level 2 of the Realm of Zot)

   [ring of ice]

   Ice:       It enhances your ice magic.
   Int+3:     It affects your intelligence (+3).
   rF-:       It makes you vulnerable to fire.
   rC+:       It protects you from cold.
   rN+:       It protects you from negative energy.
   Stlth-:    It makes you less stealthy.
Talismans
 i - a talisman of death
Wands
 l - a wand of polymorph (19)
 v - a wand of flame (46)
 A - a wand of paralysis (30)
 P - a wand of iceblast (9)
 S - a wand of quicksilver (8)
 U - a wand of mindburst (5)
Scrolls
 b - 13 scrolls of enchant weapon
 c - 3 scrolls of noise
 d - 3 scrolls of vulnerability
 k - 7 scrolls of enchant armour
 w - 8 scrolls of teleportation
 y - 2 scrolls of immolation
 F - 5 scrolls of revelation
 I - a scroll of torment
 L - 8 scrolls of poison (quivered)
 V - 3 scrolls of fear
 X - a scroll of silence
 Y - a scroll of amnesia
Potions
 e - a potion of enlightenment
 n - 3 potions of berserk rage
 o - 5 potions of curing
 q - 2 potions of brilliance
 C - 4 potions of might
 H - a potion of heal wounds
 K - 6 potions of mutation
 M - a potion of lignification
 O - a potion of invisibility
 T - 5 potions of ambrosia
 W - 4 potions of resistance
Miscellaneous
 j - a phantom mirror
 r - a lightning rod (4/4)
 s - a tin of tremorstones (inert)
 G - a sack of spiders
 N - a phial of floods


   Skills:
 - Level 10.0 Fighting
 + Level 17.4 Dodging
 - Level 10.0 Stealth
 O Level 27 Spellcasting
 - Level 8.0 Hexes
 + Level 22.4 Summonings
 O Level 27 Necromancy
 - Level 15.0 Translocations
 - Level 5.0 Fire Magic
 - Level 5.0 Air Magic
 - Level 5.0 Evocations


You had 11 spell levels left.
You knew the following spells:

 Your Spells              Type           Power      Damage    Failure   Level
a - Animate Dead          Necr           100%       N/A       0%          4
b - Blink                 Tloc           100%       N/A       0%          2
c - Death Channel         Necr           61%        N/A       0%          6
h - Haunt                 Necr/Summ      59%        N/A       0%          7
i - Infestation           Necr           61%        N/A       1%          8
m - Martyr's Knell        Necr/Summ      100%       N/A       0%          4
p - Passage of Golubria   Tloc           97%        N/A       0%          4
s - Summon Cactus Giant   Summ           57%        N/A       0%          6
u - Dispel Undead         Necr           100%       3d31      0%          4
x - Summon Horrible Thin  Summ           57%        N/A       1%          8
D - Death's Door          Necr           61%        N/A       1%          9
G - Malign Gateway        Summ/Tloc      53%        N/A       1%          7

Your spell library contained the following spells:

 Spells                   Type           Power      Damage    Failure   Level
 Kiss of Death            Conj/Necr      100%       2d13      0%          1
 Necrotise                Necr           100%       1d9       0%          1
 Summon Small Mammal      Summ           100%       N/A       0%          1
 Call Imp                 Summ           100%       N/A       0%          2
 Cigotuvi's Dreadful Rot  Necr/Alch/Air  100%       N/A       0%          2
 Call Canine Familiar     Summ           100%       N/A       0%          3
 Fugue of the Fallen      Necr           100%       N/A       0%          3
 Summon Ice Beast         Ice/Summ       100%       N/A       0%          3
 Vampiric Draining        Necr           100%       2d13      0%          3
 Anguish                  Hex/Necr       51%        N/A       0%          4
 Curse of Agony           Necr           100%       N/A       0%          5
 Summon Forest            Summ/Tloc      53%        N/A       0%          5
 Foxfire                  Conj/Fire      100%       2x1d9     1%          1
 Freeze                   Ice            100%       1d10      1%          1
 Magic Dart               Conj           100%       1d8       1%          1
 Ensorcelled Hibernation  Hex/Ice        100%       N/A       1%          2
 Momentum Strike          Conj/Tloc      100%       3d10      1%          2
 Searing Ray              Conj           88%        2d7       1%          2
 Static Discharge         Conj/Air       100%       3-8/arc   1%          2
 Confusing Touch          Hex            77%        N/A       1%          3
 Dazzling Flash           Conj/Hex       100%       N/A       1%          3
 Frozen Ramparts          Ice            100%       1d16      1%          3
 Hailstorm                Conj/Ice       61%        3d11      1%          3
 Inner Flame              Hex/Fire       72%        N/A       1%          3
 Ozocubu's Armour         Ice            61%        N/A       1%          3
 Sigil of Binding         Hex            77%        N/A       1%          3
 Volatile Blastmotes      Fire/Tloc      100%       2d18      1%          3
 Airstrike                Air            33%        2d(5-21)  1%          4
 Cause Fear               Hex            38%        N/A       1%          4
 Ignite Poison            Fire/Alch      57%        N/A       1%          4
 Iskenderun's Mystic Bla  Conj/Tloc      76%        2d15      1%          4
 Sticky Flame             Fire/Alch      57%        2d10      1%          4
 Summon Blazeheart Golem  Fire/Summ      94%        N/A       1%          4
 Summon Lightning Spire   Summ/Air       94%        N/A       1%          4
 Silence                  Hex/Air        36%        N/A       1%          5
 Summon Mana Viper        Hex/Summ       98%        N/A       1%          5
 Borgnjor's Revivificati  Necr           61%        N/A       1%          8
 Metabolic Englaciation   Hex/Ice        41%        N/A       2%          5
 Fulminant Prism          Conj/Alch      22%        3d12      4%          4
 Petrify                  Alch/Erth      44%        N/A       4%          4
 Fireball                 Conj/Fire      28%        3d12      4%          5
 Spellforged Servitor     Conj/Summ      43%        N/A       4%          7
 Plasma Beam              Fire/Air       33%        2x1d46    10%         6
 Irradiate                Conj/Alch      22%        3d19      14%         5
 Lee's Rapid Deconstruct  Erth           22%        3d12*     14%         5
 Enfeeble                 Hex            38%        N/A       16%         7
 Starburst                Conj/Fire      28%        6d9       26%         6
 Bombard                  Conj/Erth      22%        9d4       58%         6
 Eringya's Noxious Bog    Alch           22%        4d6       58%         6
 Sculpt Simulacrum        Ice/Alch       30%        N/A       58%         6
 Orb of Destruction       Conj           22%        9d8       99%         7
 Ignition                 Fire           33%        3d10      99%         8
 Maxwell's Capacitive Co  Air            33%        ∞         99%         8
 Lehudib's Crystal Spear  Conj/Erth      22%        10d6      100%        8
 Chain Lightning          Conj/Air       28%        3d38      100%        9
 Fire Storm               Conj/Fire      28%        8d7       100%        9
 Animate Armour           Summ/Erth      Unusable   N/A       N/A         4
 Dimensional Bullseye     Hex/Tloc       Unusable   N/A       N/A         4

Dungeon Overview and Level Annotations

Branches:
Dungeon (15/15)            Temple (1/1) D:7            Lair (5/5) D:9
 Shoals (4/4) Lair:3       Spider (4/4) Lair:2        Slime (5/5) Lair:5
    Orc (2/2) D:9             Elf (3/3) Orc:2        Vaults (5/5) D:13
  Crypt (3/3) Vaults:3       Tomb (2/3) Crypt:3      Depths (4/4) D:15
    Zot (5/5) Depths:4      IceCv (visited)          WizLab (visited)
Gauntlet (visited)

Altars:
Ashenzari
Cheibriados
Dithmenos
Elyvilon
Fedhas
Gozag
Hepliaklqana
Kikubaaqudgha
Makhleb
Nemelex Xobeh
Okawaru
Qazlal
Ru
Sif Muna
Trog
Uskayaw
Vehumet
Wu Jian
Xom
Yredelemnul
Zin
The Shining One
Jiyva

Shops:
D:5 :   D:7 *   D:9 !   Orc:2 !=*(   Elf:1 (   Elf:2 !   Vaults:2 *   Zot:4 *
Depths:1 =:::

Portals:
Hell: Depths:1 Depths:2 Depths:3 Depths:4
Abyss: Depths:1 Depths:3
Pandemonium: Orc:2 Depths:2 Depths:3
Trove: D:13 (give 4 scrolls of fear)

Annotations:
D:9 Boris
Shoals:1 3 runed translucent doors, exclusion: downstairs, mihai's ghost, adept DECj
Slime:5 Royal Jelly
Orc:1 2 transporters
Elf:1 1 runed translucent door, exclusion: downstairs
Depths:3 1 runed translucent door
Zot:1 exclusion: downstairs


Innate Abilities, Weirdness & Mutations

You are a hulking beast.
Your limbs bulge with bestial killing power. (Slay +0)
You have sharp claws.
You have razor-sharp teeth.
You have supernaturally acute eyesight. (SInv)
Your thick and shaggy fur keeps you warm. (AC +3, rC+)
Your paws help you pounce on unaware monsters.
You are incapable of wielding weapons or throwing items.
You cannot wear armour.
You gain extra lives every three experience levels.
You have a pair of large antennae on your head. (SInv)
You are partially covered in iridescent scales. (AC +2)
You possess an exceptional clarity of mind.
You passively map a small area around you.
Your natural rate of healing is unusually fast.
You are robust. (+10% HP)
Your muscles are very strong. (Str +8, Int/Dex -2)
Your body is covered in eyes which may confuse attackers. (Acc +7, SInv)
Your translucent skin slightly reduces your foes' accuracy. (Stealth+)
You have hidden genetic potential.
You are vulnerable to cold. (rC-)


Message History

Your large abomination barely misses the sixfirhy.
Your large abomination hits the sixfirhy!!!
The sixfirhy dies!
You swap places.
You swap places.
Your wraith disappears in a puff of smoke!
There is a stone staircase leading up here.
Your phantasmal warrior disappears in a puff of smoke!
Your wraith disappears in a puff of smoke!
You climb upwards.
Your summoned allies are left behind.
There is a stone staircase leading down here.
Okay, then.
Aiming: Dig
Press: ? - help, Shift-Dir - straight line A rock wall.
This square is covered in magical glow.
The rock shatters into small pieces.
The now-empty wand crumbles to dust.
You open the door.
There is an open door here.
You feel yourself speed up.
There is a staircase leading out of the dungeon here.
Casting: Haunt (safe; 0% risk of failure)
Confirm with . or Enter, or press ? or * to list all spells.
Casting: Summon Horrible Things (dangerous; 1% risk of failure)
Confirm with . or Enter, or press ? or * to list all spells.
Casting: Summon Horrible Things (dangerous; 1% risk of failure)
Confirm with . or Enter, or press ? or * to list all spells.
Your large abomination disappears in a puff of smoke! x3
Your tentacled monstrosity disappears in a puff of smoke!
Casting: Summon Horrible Things (dangerous; 1% risk of failure)
Confirm with . or Enter, or press ? or * to list all spells.
Your large abomination disappears in a puff of smoke!
An Orb Guardian comes into view.
Casting: Summon Horrible Things (dangerous; 1% risk of failure)
Confirm with . or Enter, or press ? or * to list all spells.
The dungeon shakes, a horrible noise fills the air, and a portal to some otherworldly place is opened!
Your large abomination disappears in a puff of smoke!
Your tentacled monstrosity disappears in a puff of smoke!
Your large abomination disappears in a puff of smoke!
You have escaped!

#...#~.~#≈§§#
#......
#...#~.≈#≈§.#
##.#.#.
#...#~.~#≈..#
#......
#...#...#...#
##.#.#.
#.......§§§.#
#......
#..X...X§∩§.#
##.#.#.
#...X.X...§.#
#......
#..§X.XXX...#
##.#.#.
#....§hX....#
#.....
#....§......#
######
#############


You could see an Orb Guardian (ally target), 2 friendly tentacled monstrosities
and 6 friendly large abominations.

Vanquished Creatures
  A dread lich (Zot:5)
  Frederick (Depths:4)
  Mara (Spider:2)
  4 royal mummies
  A curse toe (Crypt:3)
  the Enchantress (Depths:4)
  An electric golem (Zot:3)
  A lich (Tomb:2)
  A deep elf blademaster (Elf:3)
  Grunn (Depths:4)
  A death cob (Zot:2)
  Agnes (D:15)
  An emperor scorpion (Spider:1)
  A ghoul (Crypt:2)
  3 spriggan defenders (Depths:4)
  A broodmother (Spider:2)
  2 vampire knights
  2 mummy priests (Tomb:2)
  2 jiangshi
  A hydra (Lair:5)
  2 entropy weavers (Spider:1)
  22 vault guards (Vaults:5)
  A spriggan air mage (Depths:4)
  2 catoblepae (Lair:5)
  2 two-headed ogres
  An alligator (Zot:3)
  A spectral frost giant (Depths:2)
  A death scarab (Gauntlet)
  A satyr (Shoals:2)
  3 boulder beetles
  9 death yaks
  2 vampire magi
  An orc high priest (Orc:2)
  Urug (Lair:5)
  A shock serpent (shapeshifter) (D:15)
  A spectral storm dragon (Depths:2)
  Amaemon (D:8)
  2 skysharks
  A pharaoh ant (Spider:2)
  A storm dragon skeleton (Crypt:3)
  3 phantasmal warriors
  A spectral iron dragon (Depths:2)
  3 orc knights (Orc:2)
  2 harpies
  A deep elf zephyrmancer (Elf:1)
  A steelbarb worm (Spider:3)
  A deep elf pyromancer (Elf:1)
  A frost giant zombie (Vaults:1)
  4 orc sorcerers (Orc:2)
  2 manticores (Shoals:4)
  3 elephants
  A moth of wrath (Spider:1)
  An iron dragon skeleton (Crypt:3)
  A meliai (Spider:1)
  2 black mambas
  8 cane toads
  2 torpor snails
  2 rime drakes (Lair:1)
  2 guardian mummies (Tomb:2)
  A redback zombie (D:14)
  3 freezing wraiths
  A grey draconian skeleton (Crypt:1)
  A troll (Orc:2)
  2 komodo dragons
  2 polar bears
  5 merfolk
  2 tarantellas
  A wolf spider simulacrum (D:15)
  9 blink frogs
  A harpy skeleton (Tomb:2)
  8 dream sheep (Lair:4)
  A radroach zombie (Crypt:1)
  5 jumping spiders
  A culicivora (Spider:1)
  2 spriggans (Depths:4)
  5 wyverns
  6 wraiths
  A water elemental (D:13)
  29 yaks
  A basilisk (Lair:1)
  5 redbacks (Spider:1)
  3 vampire mosquitoes
  A spectral cane toad (Gauntlet)
  A chaos spawn (Orc:2)
  An acid dragon (D:10)
  A glowing shapeshifter zombie (Vaults:1)
  7 water moccasins
  2 laughing skulls
  5 orc warriors (Orc:2)
  A black bear (Lair:2)
  16 wolves
  3 boggarts (D:14)
  6 ogres (Orc:2)
  2 bullfrogs
  2 human zombies (Vaults:1)
  A salamander skeleton (Crypt:3)
  4 wights
  A human simulacrum (Vaults:1)
  An electric eel (Lair:1)
  A jelly (Lair:5)
  2 orc priests
  A human skeleton (Crypt:2)
  An iguana (D:6)
  7 hell rats (Lair:2)
  A shapeshifter simulacrum (IceCv)
  6 mummies
  2 gnolls (D:6)
  4 endoplasms
  A quokka (D:1)
  2 bats
  2 kobolds (D:14)
  A rat (D:1)
306 creatures vanquished.

Vanquished Creatures (collateral kills)
  5 ancient liches (Zot:5)
  3 dread liches (Zot:5)
  5 orbs of fire
  A juggernaut (Depths:3)
  Josephina (Zot:2)
  2 royal mummies (Tomb:2)
  Boris (twice) (Depths:4 Vaults:5)
  Bai Suzhen (Vaults:2)
  Vv (Zot:4)
  4 Killer Klowns (Zot:5)
  Parghit (Zot:4)
  Saint Roka (Vaults:2)
  A curse toe (Zot:3)
  14 golden dragons
  A Brimstone Fiend (D:9)
  A Tzitzimitl (Depths:2)
  3 doom hounds (Depths:4)
  2 bone dragons
  Mlioglotl (Shoals:4)
  4 electric golems
  18 tentacled monstrosities
  4 liches
  4 quicksilver dragons
  Zenata (Vaults:4)
  A Hell Sentinel (Depths:2)
  Asterion (Depths:1)
  An Ice Fiend (Depths:2)
  26 Orb Guardians
  A deep elf blademaster (Elf:3)
  9 titans
  2 acid blobs (Slime:2)
  4 deep elf master archers
  Frances (Spider:2)
  13 sphinxes
  5 ancient champions (Crypt:3)
  2 eldritch tentacles (Zot:5)
  2 thorn hunters (WizLab)
  Kirke (D:14)
  Roxanne (Elf:2)
  8 death cobs
  9 tengu reavers
  17 storm dragons
  10 shadow dragons
  6 protean progenitors
  3 draconian monks
  9 fire giants
  3 revenants
  2 azure jellies
  4 fenstrider witches
  A daeva (Zot:4)
  2 rockslimes (Slime:1)
  7 deep elf sorcerers
  7 frost giants
  6 draconian knights
  7 draconian shifters
  A balrug (D:3)
  2 iron dragons (Depths:2)
  4 ghost moths
  3 draconian scorchers
  2 spectral caustic shrikes (Depths:2)
  12 vault wardens
  A spectral juggernaut (Depths:2)
  2 deep elf elementalists (Elf:3)
  7 emperor scorpions (Spider:4)
  A reaper (Crypt:3)
  A cacodemon (D:2)
  4 draconian stormcallers
  6 ghouls
  Louise (Spider:3)
  2 demonspawn blood saints (D:3)
  5 broodmothers (Spider:4)
  16 ironbound preservers
  3 quicksilver oozes (Slime:2)
  3 very ugly things
  18 stone giants
  8 draconian annihilators
  A spriggan defender (Depths:4)
  8 ironbound thunderhulks
  15 green draconians
  A caustic shrike skeleton (Crypt:1)
  An eleionoma (WizLab)
  11 vampire knights
  2 juggernaut skeletons
  17 deep elf death magi
  2 bennus (Tomb:2)
  6 deep elf demonologists
  10 yellow draconians
  2 minotaurs (Shoals:4)
  4 spectral titans (Depths:2)
  13 white draconians
  7 war gargoyles
  A wendigo (Zig:1)
  12 red draconians
  12 black draconians
  A dire elephant (Vaults:2)
  13 purple draconians
  A spark wasp (Spider:4)
  9 eidola
  2 spectral golden dragons (Depths:2)
  9 ettins
  8 mummy priests (Tomb:1)
  5 fire dragons
  3 crystal guardians
  A green death (Depths:3)
  5 merfolk impalers
  10 entropy weavers
  A quicksilver dragon zombie (Crypt:3)
  7 jiangshi
  2 deep elf high priests (Elf:3)
  7 ice dragons
  A quicksilver dragon skeleton (Depths:2)
  15 yaktaur captains
  4 shambling mangroves (WizLab)
  2 spectral sphinxes (Depths:2)
  5 vault guards
  4 peacekeepers
  2 spectral shadow dragons (Depths:2)
  6 rakshasas
  A salamander tyrant (Zig:2)
  2 spriggan air magi
  An ogre mage (Vaults:5)
  2 juggernaut simulacra (Depths:2)
  4 caustic shrike simulacra (Depths:2)
  A hell beast (Zot:1)
  2 hydras
  3 alligator snapping turtles
  2 spectral tengu (Depths:2)
  9 ironbound frosthearts
  A catoblepas (Shoals:4)
  2 merfolk avatars
  13 boulder beetles
  4 radroaches
  A spriggan skeleton (Crypt:1)
  8 satyrs
  A death knight (D:13)
  14 centaur warriors
  7 two-headed ogres
  3 alligators
  2 merfolk aquamancers
  2 spectral fire giants (Depths:2)
  3 deep troll earth magi
  7 death yaks
  6 deep troll shamans
  2 tengu warriors
  5 demonic crawlers
  4 vampire magi
  32 dancing weapons
  15 death scarabs (Tomb:1)
  2 naga sharpshooters (WizLab)
  16 deep elf knights
  A sun demon (Orc:2)
  4 spriggan berserkers
  9 orc high priests
  4 soul eaters
  2 spectral storm dragons (Depths:2)
  A skyshark (Shoals:1)
  5 hell knights
  11 skeletal warriors
  8 pharaoh ants
  A salamander mystic (Depths:4)
  A titan skeleton (Crypt:3)
  2 sixfirhies
  2 spriggan druids (Elf:1)
  2 iron trolls
  3 shadow wraiths
  A cherub (D:13)
  A quicksilver dragon simulacrum (Crypt:3)
  5 sea snakes
  2 swamp dragons
  2 death drakes (Depths:2)
  12 orb spiders
  4 flayed ghosts
  A goliath frog (Shoals:3)
  3 orange crystal statues
  6 arcanists
  2 sun moths
  8 deep elf archers
  52 deep trolls
  4 shadow demons (Depths:3)
  2 iron giant skeletons (Crypt:3)
  6 spectral iron dragons (Depths:2)
  5 orc knights
  11 lindwurms
  A golden dragon skeleton (Crypt:1)
  A spriggan simulacrum (Depths:2)
  11 phantasmal warriors
  6 steelbarb worms
  23 ironbound convokers
  27 deep elf pyromancers
  27 harpies
  5 necromancers
  17 wolf spiders
  6 orc sorcerers
  32 fauns
  2 salamanders (Depths:4)
  2 sphinx simulacra (Depths:2)
  24 deep elf zephyrmancers
  12 manticores
  Maurice (D:12)
  4 elephants
  2 oklob plants (WizLab)
  24 moths of wrath
  A fire giant skeleton (Depths:2)
  26 ugly things
  16 vault sentinels
  4 merfolk sirens
  4 cyclopes
  2 meliai (D:14)
  4 water nymphs
  An ice statue (IceCv)
  A naga mage (Zig:2)
  2 black mambas
  A kobold blastminer (Orc:2)
  2 rust devils
  A frost giant skeleton (Crypt:2)
  A gargoyle (D:14)
  Jeremiah (D:6)
  Maggie (D:10)
  An orange demon (D:8)
  6 torpor snails
  7 cane toads
  4 freezing wraiths
  An unseen horror (D:11)
  A hellion (D:4)
  4 kobold demonologists
  28 yaktaurs
  A rime drake (Lair:1)
  A tengu conjurer (D:15)
  2 efreet (D:15)
  2 golden dragon simulacra
  11 nameless horrors
  An ice devil (Depths:2)
  A ghost moth simulacrum (Zot:2)
  A green draconian skeleton (Crypt:1)
  A minotaur skeleton (Crypt:1)
  20 guardian mummies
  21 merfolk
  A red devil (D:4)
  2 spectral glowing shapeshifters (Depths:2)
  4 wind drakes
  2 human zombies
  A moth of wrath zombie (Crypt:3)
  An iron troll skeleton (Crypt:2)
  5 trolls
  9 hornets
  A harpy skeleton (Crypt:3)
  A polar bear (Lair:2)
  A tengu simulacrum (Depths:2)
  16 tarantellas
  16 blink frogs
  A blink frog (shapeshifter) (Elf:3)
  7 snapping turtles
  A frost giant simulacrum (Depths:2)
  An iron dragon simulacrum (Depths:2)
  5 dream sheep
  20 jumping spiders
  A black mamba zombie (Crypt:1)
  A shadow (D:10)
  16 culicivoras
  17 slime creatures
  16 water elementals
  A meliai zombie (D:14)
  20 yaks
  A spriggan (shapeshifter) (D:13)
  2 air elementals
  7 fire elementals
  3 hogs (D:14)
  4 spriggans
  5 wyverns
  4 ushabtiu
  2 wraiths (Crypt:1)
  3 basilisks
  19 humans (D:13)
  A warg (D:9)
  A black draconian simulacrum (Zot:2)
  A wind drake skeleton (Crypt:1)
  A steam dragon (D:9)
  10 vampire mosquitoes
  Menkaure (D:7)
  62 redbacks
  A fire bat zombie (Crypt:1)
  2 two-headed ogre zombies
  A naga (shapeshifter) (Elf:1)
  An acid dragon (D:12)
  11 water moccasins
  A swamp drake (Lair:5)
  5 black bears
  A human skeleton (Depths:2)
  A moth of wrath simulacrum (Zot:2)
  16 orc warriors
  2 ice beasts (D:7)
  An elephant zombie (Crypt:1)
  A black mamba simulacrum (Crypt:3)
  7 ogres
  2 boggarts (Depths:3)
  11 wolves
  13 laughing skulls
  10 centaurs
  A yaktaur zombie (D:13)
  Blork the orc (D:6)
  12 bullfrogs
  5 kobold brigands
  An earth elemental (Elf:3)
  A necrophage (Crypt:2)
  3 gnoll sergeants
  2 glowing shapeshifter simulacra
  6 scorpions
  A warg skeleton (Crypt:1)
  A troll zombie (Crypt:2)
  14 wights
  15 killer bees
  4 howler monkeys
  A wolf zombie (Gauntlet)
  2 electric eels (D:13)
  4 centaur zombies
  3 bombardier beetles
  4 hounds
  5 jellies
  2 gnoll boudas (D:6)
  16 orc priests
  Natasha (twice) (D:2)
  3 iguanas
  4 sleepcaps
  6 orc wizards
  6 hell rats (Lair:2)
  2 killer bee zombies (D:11)
  An acid dragon zombie (Crypt:3)
  An ice beast zombie (Crypt:2)
  22 mummies
  A howler monkey zombie (D:11)
  10 gnolls
  11 adders
  A white imp (D:6)
  An ufetubus (D:5)
  An orc zombie (D:12)
  2 dart slugs (D:1)
  A ribbon worm (D:4)
  40 orcs
  3 ball pythons
  7 endoplasms
  3 giant cockroaches
  9 goblins
  4 hobgoblins
  9 jackals
  3 quokkas
  11 bats
  A dart slug zombie (Crypt:2)
  3 frilled lizards
  25 kobolds
  7 rats
  An aspiring flesh (Zot:5)
2057 creatures vanquished.

Vanquished Creatures (others)
  Mennas (Vaults:2)
  Nikola (Elf:1)
  An Orb Guardian (Zot:5)
  5 acid blobs
  17 eldritch tentacles
  A shadow dragon (Vaults:5)
  2 azure jellies
  A vault warden (Vaults:4)
  A deep elf elementalist (Elf:3)
  A ghost moth (Spider:2)
  A draconian scorcher (Zot:1)
  A quicksilver ooze (Slime:2)
  2 formless jellyfish
  Azrael (Spider:2)
  6 great orbs of eyes
  A merfolk javelineer (Shoals:4)
  A yaktaur captain (Vaults:3)
  An entropy weaver (Spider:1)
  An alligator snapping turtle (Shoals:3)
  A demonspawn (Orc:2)
  An ironbound frostheart (Vaults:4)
  A merfolk aquamancer (Shoals:2)
  3 centaur warriors
  5 boulder beetles
  5 satyrs
  A tengu warrior (D:15)
  A vampire mage (Depths:3)
  8 glowing orange brains
  A hell knight (D:15)
  A sea snake (Shoals:3)
  A sea snake (shapeshifter) (Vaults:5)
  A swamp dragon (shapeshifter) (Depths:3)
  A deep troll (Vaults:4)
  3 lindwurms
  An ironbound convoker (Vaults:1)
  3 orc knights (Orc:2)
  A steelbarb worm (Spider:1)
  3 harpies
  An orc sorcerer (Orc:2)
  3 wolf spiders
  A necromancer (D:13)
  A manticore (Shoals:4)
  2 ugly things (D:15)
  3 fauns
  2 deep elf zephyrmancers (Elf:1)
  A meliai (shapeshifter) (D:15)
  A meliai (D:14)
  A kobold blastminer (Orc:2)
  2 ice statues (IceCv)
  A hellion (Gauntlet)
  A black mamba (shapeshifter) (Elf:1)
  A vault sentinel (Vaults:4)
  A rime drake (shapeshifter) (Elf:1)
  A tengu conjurer (D:15)
  5 yaktaurs
  7 merfolk
  2 glass eyes (Depths:2)
  6 tarantellas
  31 slime creatures
  4 jumping spiders
  A snapping turtle (Shoals:4)
  A culicivora (Spider:1)
  5 yaks
  2 vampire mosquitoes
  7 redbacks
  3 wargs (Orc:2)
  A great orb of eyes simulacrum (IceCv)
  3 hell hounds (Spider:2)
  12 orc warriors (Orc:2)
  2 centaurs (D:13)
  6 ogres (Orc:2)
  2 slime creature simulacra (IceCv)
  4 glowing shapeshifter simulacra (IceCv)
  A queen bee zombie (Crypt:2)
  2 howler monkeys (D:11)
  4 orc priests (Orc:2)
  282 jellies
  5 orc wizards
  A shapeshifter simulacrum (IceCv)
  A sky beast zombie (Crypt:3)
  2 gnolls (D:11)
  5 orcs
  A kobold (D:14)
  An orc zombie (D:12)
  98 blazeheart cores
618 creatures vanquished.

Grand Total: 2981 creatures vanquished

Notes
Turn   | Place    | Note
-------+----------+-------------------------------------------
     0 | D:1      | RepoMan the Felid Summoner began the quest for the Orb.
     0 | D:1      | Reached XP level 1. HP: 9/9 MP: 4/4
   285 | D:1      | Reached XP level 2. HP: 13/13 MP: 1/6
   288 | D:1      | Learned a level 2 spell: Call Imp
   976 | D:1      | Reached XP level 3. HP: 16/16 MP: 7/7
  1106 | D:1      | Learned a level 3 spell: Call Canine Familiar
  1459 | D:2      | Reached skill level 5 in Summonings
  1465 | D:2      | Reached XP level 4. HP: 21/21 MP: 6/9
  1465 | D:2      | Gained a life (2 lives remaining)
  1504 | D:2      | Noticed Natasha
  1519 | D:2      | Killed Natasha
  1538 | D:2      | Noticed Natasha
  1557 | D:2      | Killed Natasha
  1641 | D:2      | Found a faded altar of an unknown god.
  1810 | D:3      | Reached XP level 5. HP: 24/24 MP: 5/11
  1826 | D:2      | Learned a level 4 spell: Summon Blazeheart Golem
  2102 | D:3      | Reached skill level 1 in Fire Magic
  2583 | D:4      | Found a shimmering altar of Xom.
  2623 | D:4      | Gained mutation: You are covered in thick fur. (AC +2)
                  | [Felid growth]
  2623 | D:4      | Reached XP level 6. HP: 28/28 MP: 8/12
  2773 | D:4      | Found a hide-covered altar of Uskayaw.
  3189 | D:4      | Reached XP level 7. HP: 32/32 MP: 11/14
  3389 | D:5      | Entered Level 5 of the Dungeon
  3474 | D:5      | Found Nucvuf's Vocational Training.
  3913 | D:5      | Reached XP level 8. HP: 36/36 MP: 9/16
  4038 | D:5      | Reached skill level 5 in Spellcasting
  4038 | D:5      | Reached skill level 5 in Fire Magic
  4582 | D:5      | Found a sparkling altar of Nemelex Xobeh.
  4940 | D:6      | Found an iron altar of Okawaru.
  4960 | D:6      | Noticed Blork the orc
  5229 | D:6      | Reached XP level 9. HP: 33/39 MP: 16/20
  5256 | D:6      | Identified the +0 robe of Irksome Knowledge {Int+5}
  5321 | D:6      | Noticed Jeremiah
  5394 | D:6      | Killed Blork the orc
  5975 | D:7      | Noticed Menkaure
  5983 | D:7      | Killed Menkaure
  5993 | D:7      | Found Xaeh's Hallowed Reliquary.
  5993 | D:7      | Noticed an angel
  6015 | D:7      | Bought a potion of curing for 36 gold pieces
  6015 | D:7      | Bought a potion of heal wounds for 60 gold pieces
  6033 | D:7      | Reached skill level 10 in Summonings
  6158 | D:7      | Found a staircase to the Ecumenical Temple.
  6164 | Temple   | Entered the Ecumenical Temple
  6175 | Temple   | Became a worshipper of Kikubaaqudgha
  6673 | D:8      | Learned a level 4 spell: Summon Lightning Spire
  6710 | D:8      | Reached * piety under Kikubaaqudgha
  6710 | D:8      | Received a gift from Kikubaaqudgha
  6723 | D:8      | Reached XP level 10. HP: 44/44 MP: 12/23
  6738 | D:8      | Reached skill level 1 in Air Magic
  6816 | D:8      | Noticed an orange demon
  6821 | D:8      | Noticed Amaemon
  6843 | D:8      | Killed an orange demon
  6846 | D:8      | Killed Amaemon
  6896 | D:8      | Found an opulent altar of Gozag.
  7241 | D:9      | Reached skill level 1 in Evocations
  7302 | D:9      | Reached skill level 1 in Fighting
  7354 | D:9      | Found Jirimel's Distillery.
  7373 | D:9      | Bought a potion of attraction for 36 gold pieces
  7373 | D:9      | Bought a potion of curing for 36 gold pieces
  7373 | D:9      | Bought a potion of invisibility for 96 gold pieces
  7373 | D:9      | Bought a potion of curing for 36 gold pieces
  7373 | D:9      | Bought a potion of curing for 36 gold pieces
  7373 | D:9      | Bought a potion of brilliance for 48 gold pieces
  7373 | D:9      | Bought a potion of curing for 36 gold pieces
  7373 | D:9      | Bought a potion of might for 48 gold pieces
  7390 | D:9      | Found a staircase to the Orcish Mines.
  7729 | D:9      | Found a staircase to the Lair.
  8118 | D:10     | Entered Level 10 of the Dungeon
  8214 | D:10     | Found a shadowy altar of Dithmenos.
  8294 | D:10     | Reached ** piety under Kikubaaqudgha
  8368 | D:10     | Noticed a two-headed ogre
  8381 | D:10     | Killed a two-headed ogre
  8382 | D:10     | Reached skill level 5 in Stealth
  8382 | D:10     | Reached XP level 11. HP: 51/51 MP: 21/25
  8560 | D:10     | Noticed a deep elf pyromancer
  8678 | D:10     | Noticed Maggie
  8712 | D:10     | Killed Maggie
  8713 | D:10     | Reached skill level 5 in Dodging
  8713 | D:10     | Reached skill level 5 in Air Magic
  9203 | Lair:1   | Entered Level 1 of the Lair of Beasts
  9294 | Lair:1   | Identified the +4 ring mail of Nuptiube {rPois}
  9868 | Lair:1   | Reached skill level 5 in Evocations
  9870 | Lair:1   | Reached skill level 10 in Spellcasting
  9950 | Lair:1   | You fall into a shaft and drop 1 floor!
 10070 | Lair:2   | Reached *** piety under Kikubaaqudgha
 10070 | Lair:2   | Received a gift from Kikubaaqudgha
 10080 | Lair:2   | Reached skill level 5 in Fighting
 10103 | Lair:2   | Learned a level 4 spell: Martyr's Knell
 10118 | Lair:2   | Noticed a skyshark
 10132 | Lair:2   | Killed a skyshark
 10133 | Lair:2   | Reached skill level 1 in Necromancy
 10133 | Lair:2   | Gained mutation: Your thick and shaggy fur keeps you warm.
                  | (AC +3, rC+) [Felid growth]
 10133 | Lair:2   | Reached XP level 12. HP: 60/60 MP: 20/27
 10976 | Lair:2   | Found a hole to the Spider Nest.
 11943 | Lair:3   | Reached **** piety under Kikubaaqudgha
 11974 | Lair:3   | Reached skill level 5 in Necromancy
 12087 | Lair:3   | Found a staircase to the Shoals.
 12295 | Lair:3   | Noticed a boulder beetle
 12305 | Lair:3   | Killed a boulder beetle
 12439 | Lair:3   | Reached skill level 10 in Stealth
 12676 | Lair:4   | Noticed a death yak
 12676 | Lair:4   | Noticed a death yak
 12677 | Lair:4   | Noticed a death yak
 12677 | Lair:4   | Noticed a death yak
 12698 | Lair:4   | Noticed a boulder beetle
 12846 | Lair:4   | Reached XP level 13. HP: 61/66 MP: 9/28
 12958 | Lair:4   | Learned a level 6 spell: Death Channel
 13334 | Lair:4   | Reached skill level 10 in Dodging
 13551 | Lair:4   | Found a sacrificial altar of Ru.
 13850 | Lair:5   | Entered Level 5 of the Lair of Beasts
 13896 | Lair:5   | Reached ***** piety under Kikubaaqudgha
 14117 | Lair:5   | Noticed Urug
 14123 | Lair:5   | Killed Urug
 14959 | Lair:5   | Found a staircase to the Slime Pits.
 14959 | Lair:5   | Found a viscous altar of Jiyva.
 15030 | Lair:5   | Reached XP level 14. HP: 45/74 MP: 23/30
 15127 | Lair:5   | Reached skill level 10 in Necromancy
 15914 | Orc:1    | Entered Level 1 of the Orcish Mines
 15921 | Orc:1    | Learned a level 4 spell: Anguish
 16044 | Orc:1    | Found a transporter.
 16052 | Orc:1    | Found a transporter.
 16222 | Orc:2    | Entered Level 2 of the Orcish Mines
 16239 | Orc:2    | Reached skill level 1 in Hexes
 16245 | Orc:2    | Reached ****** piety under Kikubaaqudgha
 16260 | Orc:2    | Found a staircase to the Elven Halls.
 16265 | Orc:2    | Received a gift from Kikubaaqudgha (forbidden knowledge)
 16912 | Orc:2    | Found Vuari's General Store.
 16916 | Orc:2    | Found Zulisu's Distillery.
 17219 | Orc:2    | Bought a scroll of identify for 30 gold pieces
 17219 | Orc:2    | Bought a scroll of fog for 60 gold pieces
 17219 | Orc:2    | Bought a potion of berserk rage for 75 gold pieces
 17221 | Orc:2    | Bought a potion of invisibility for 104 gold pieces
 17221 | Orc:2    | Bought a potion of ambrosia for 104 gold pieces
 17221 | Orc:2    | Bought a potion of heal wounds for 65 gold pieces
 17221 | Orc:2    | Bought a potion of heal wounds for 65 gold pieces
 17221 | Orc:2    | Bought a potion of brilliance for 52 gold pieces
 17221 | Orc:2    | Bought a potion of heal wounds for 65 gold pieces
 18320 | Orc:2    | Learned a level 7 spell: Haunt
 19783 | Orc:2    | Found Resietul's Jewellery Shop.
 19783 | Orc:2    | Found Bastrud's Antique Weapon Boutique.
 19784 | Orc:2    | Found a one-way gate leading to the halls of Pandemonium.
 20020 | D:10     | Reached skill level 5 in Hexes
 20174 | D:6      | Killed Jeremiah
 20175 | D:6      | Reached skill level 10 in Fighting
 20271 | Spider:1 | Entered Level 1 of the Spider Nest
 21059 | Spider:1 | Reached XP level 15. HP: 74/80 MP: 14/32
 21774 | Spider:2 | Noticed Frances
 22056 | Spider:2 | Noticed Azrael
 22073 | Spider:2 | Killed Azrael
 22520 | Spider:2 | Noticed an emperor scorpion
 22542 | Spider:1 | Killed an emperor scorpion
 23433 | Spider:2 | Killed Frances
 23733 | Slime:1  | Entered Level 1 of the Pits of Slime
 23733 | Slime:1  | Noticed a rockslime
 23733 | Slime:1  | Noticed an azure jelly
 23740 | Slime:1  | Killed an azure jelly
 23746 | Slime:1  | Noticed a rockslime
 23746 | Slime:1  | Killed a rockslime
 23754 | Slime:1  | Killed a rockslime
 23879 | Slime:2  | Noticed an acid blob
 23881 | Slime:2  | Noticed an azure jelly
 23887 | Slime:2  | Killed an acid blob
 23890 | Slime:2  | Killed an azure jelly
 24038 | Slime:2  | Learned a level 8 spell: Infestation
 24050 | Lair:5   | Fell from the grace of Kikubaaqudgha
 24050 | Lair:5   | Became a worshipper of Jiyva Juiceuno the Shapeless
 24754 | D:11     | Reached * piety under Jiyva
 25344 | D:12     | Found a gate leading to a gauntlet.
 25348 | Gauntlet | Entered a Gauntlet
 25348 | Gauntlet | Found a transporter.
 25355 | Gauntlet | Found a transporter.
 25356 | Gauntlet | Reached ** piety under Jiyva
 25357 | Gauntlet | Found a transporter.
 25368 | Gauntlet | Found a transporter.
 25371 | Gauntlet | Found a transporter.
 25381 | Gauntlet | Found a transporter.
 25396 | Gauntlet | Found a transporter.
 25407 | Gauntlet | Found a transporter.
 25418 | Gauntlet | Found a transporter.
 25425 | Gauntlet | Found a transporter.
 25441 | Gauntlet | Found a transporter.
 25453 | Gauntlet | Found a runed translucent gate.
 25454 | Gauntlet | Found a runed translucent gate.
 25454 | Gauntlet | Found a transporter.
 25456 | Gauntlet | Found a runed translucent gate.
 25505 | Gauntlet | Found a transporter.
 25506 | Gauntlet | Found a transporter.
 25583 | Gauntlet | Learned a level 4 spell: Dispel Undead
 25699 | Gauntlet | Identified the +1 helmet of Reofegam {Regen+ Str+2}
 25710 | Gauntlet | Identified the +6 whip of Causality {speed, +Blink Str+2
                  | Dex-3}
 25753 | D:12     | Reached skill level 15 in Necromancy
 25906 | D:12     | Noticed Maurice
 25912 | D:12     | Killed Maurice
 26282 | D:12     | HP: 1/36 [ogre/+0 giant spiked club (35)]
 26354 | D:13     | Reached *** piety under Jiyva
 26354 | D:13     | Gained mutation: Your muscles are strong. (Str +4, Int/Dex
                  | -1) [Jiyva's grace]
 26354 | D:13     | Gained mutation: Your muscles are very strong. (Str +8,
                  | Int/Dex -2) [Jiyva's grace]
 26354 | D:13     | Gained mutation: Armour fits poorly on your pseudopods.
                  | [Jiyva's grace]
 26354 | D:13     | Gained mutation: Armour fits poorly on your large
                  | pseudopods. [Jiyva's grace]
 26370 | D:13     | Reached XP level 16. HP: 12/17 MP: 4/35
 26371 | D:13     | Shot with an arrow by a centaur
 26371 | D:13     | Lost a life (1 life remaining)
 26507 | D:13     | Found a frozen archway.
 26508 | D:13     | Found a portal to a secret trove of treasure.
 26531 | IceCv    | Entered an ice cave
 26633 | IceCv    | Found a viscous altar of Jiyva.
 26645 | IceCv    | Identified the +0 pair of gloves of Zipon {rN+ Int+2}
 26648 | IceCv    | Got the ring of Dogma {Ice rElec rPois Will++ Str-5}
 27001 | Orc:2    | Bought the amulet "Sogroha" {Acrobat rF+} for 616 gold
                  | pieces
 27403 | D:13     | Reached **** piety under Jiyva
 27639 | D:13     | Found a gate to the Vaults.
 28025 | D:14     | Noticed Nessos
 28026 | D:14     | Nessos changed into Nessos the redback
 28026 | D:14     | Noticed Nessos
 28149 | D:14     | Noticed Kirke
 28211 | D:14     | Killed Nessos the redback
 28291 | D:14     | Killed Kirke
 28351 | D:14     | Was forgiven by Kikubaaqudgha
 28614 | D:15     | Entered Level 15 of the Dungeon
 28615 | D:15     | Noticed Agnes
 28843 | D:15     | Killed Agnes
 29152 | D:15     | Lost strength.
 29152 | D:15     | Lost mutation: Your muscles are very strong. (Str +8,
                  | Int/Dex -2) [Jiyva's grace]
 29152 | D:15     | Gained mutation: You are covered in slimy tendrils that may
                  | disarm your opponents. [Jiyva's grace]
 29152 | D:15     | Gained mutation: Armour fits poorly on your massive
                  | pseudopods. [Jiyva's grace]
 29152 | D:15     | Gained mutation: You are partially covered in iridescent
                  | scales. (AC +2) [Jiyva's grace]
 29152 | D:15     | Gained mutation: You are mostly covered in iridescent
                  | scales. (AC +4) [Jiyva's grace]
 29363 | D:15     | Found a staircase to the Depths.
 29424 | D:15     | Reached ***** piety under Jiyva
 30325 | Spider:3 | Noticed Mara
 30327 | Spider:3 | Noticed RepoMan's illusion
 30341 | Spider:2 | Noticed RepoMan's illusion
 30350 | Spider:2 | Killed Mara
 30453 | Spider:3 | Demolished by a steelbarb worm
 30453 | Spider:3 | Lost a life (0 lives remaining)
 30494 | Spider:3 | Noticed Louise
 30604 | Shoals:1 | Entered Level 1 of the Shoals
 30658 | Shoals:1 | Found a runed translucent gate.
 30658 | Shoals:1 | Found a runed translucent gate.
 30661 | Shoals:1 | Found a runed translucent gate.
 30661 | Shoals:1 | Noticed mihai's ghost (adept DECj)
 30663 | Shoals:1 | Identified a scroll of acquirement
 30664 | Shoals:1 | Acquired a book of the Wilderness
 30674 | Shoals:1 | Learned a level 6 spell: Summon Cactus Giant
 31136 | Shoals:2 | Reached XP level 17. HP: 77/89 MP: 18/36
 31136 | Shoals:2 | Gained a life (1 life remaining)
 31241 | Shoals:2 | Lost mutation: You are mostly covered in iridescent scales.
                  | (AC +4) [Jiyva's grace]
 31241 | Shoals:2 | Lost mutation: Your muscles are strong. (Str +4, Int/Dex
                  | -1) [Jiyva's grace]
 31241 | Shoals:2 | Gained mutation: You have very sharp fingernails. [Jiyva's
                  | grace]
 31241 | Shoals:2 | Gained mutation: You have claws for hands. [Jiyva's grace]
 31241 | Shoals:2 | Gained mutation: Your body has grown eyes which may confuse
                  | attackers. (Acc +3) [Jiyva's grace]
 31241 | Shoals:2 | Gained mutation: Your body has grown many eyes which may
                  | confuse attackers. (Acc +5) [Jiyva's grace]
 31647 | Shoals:2 | Identified the +3 chain mail of Too Many Cooks {rPois rC+++
                  | Int-2 Dex+5}
 32431 | Shoals:4 | Entered Level 4 of the Shoals
 32574 | Shoals:4 | Noticed Mlioglotl
 32584 | Shoals:4 | Noticed a lich
 32593 | Shoals:4 | Noticed a sphinx
 32595 | Shoals:4 | Killed Mlioglotl
 32597 | Shoals:4 | Noticed a sphinx
 32599 | Shoals:4 | HP: 4/89 [sphinx/divine providence (12)]
 32603 | Shoals:4 | Slain by a sphinx
 32603 | Shoals:4 | Lost a life (0 lives remaining)
 32723 | Shoals:4 | Got a barnacled rune of Zot
 32846 | Shoals:4 | Reached ****** piety under Jiyva
 32870 | Shoals:4 | Identified the +0 plate armour of Qeotir {Will- Int+5
                  | Slay+5}
 32872 | Shoals:4 | Identified the staff "Esifueg" {rC+ Hexes Ice}
 32904 | Shoals:4 | Killed a sphinx
 32912 | Shoals:4 | Reached XP level 18. HP: 91/93 MP: 26/37
 32912 | Shoals:4 | Gained a life (1 life remaining)
 33305 | Slime:3  | Found a viscous altar of Jiyva.
 33335 | Slime:5  | Entered Level 5 of the Pits of Slime
 33364 | Slime:5  | Found a viscous altar of Jiyva.
 33385 | Slime:5  | Identified the staff "Nieloxaz" {rElec rC+ Dex+4 Air}
 33394 | Slime:5  | Noticed the Royal Jelly
 33502 | Slime:5  | Found the +7 sceptre of Torment {pain, torment}
 33512 | Slime:5  | Got a starry gem with 2 turns to spare
 33513 | Slime:5  | Lost the starry gem through the power of Zot.
 33514 | Slime:5  | Got a slimy rune of Zot
 33518 | Slime:5  | Identified the +2 spear "Wixiwk" {freeze, rPois}
 33532 | Slime:5  | Found the +7 captain's cutlass {speed, disarm}
 33538 | Slime:5  | Identified the +5 sling of the Trees {drain, rElec Str+4
                  | Dex+2}
 33540 | Slime:5  | Identified the amulet of Pada {Rampage rF+ Regen+ Int-3}
 33544 | Slime:5  | Identified the amulet of Ynloac {Faith rF+ Int+2}
 33823 | Orc:2    | Bought a scroll of amnesia for 60 gold pieces
 33859 | Elf:1    | Entered Level 1 of the Elven Halls
 33859 | Elf:1    | Found a runed translucent gate.
 33859 | Elf:1    | Found a runed translucent gate.
 33859 | Elf:1    | Found a runed translucent gate.
 33859 | Elf:1    | Found a runed translucent gate.
 33859 | Elf:1    | Found a runed translucent gate.
 33859 | Elf:1    | Found a runed translucent gate.
 33860 | Elf:1    | Found a runed translucent door.
 33872 | Elf:1    | Found a runed translucent door.
 33909 | Elf:1    | Paralysed by an air elemental for 1 turns
 33932 | Elf:1    | Noticed Nikola
 33956 | Elf:1    | Killed Nikola
 34282 | Elf:1    | Lost mutation: Armour fits poorly on your massive
                  | pseudopods. [Jiyva's grace]
 34282 | Elf:1    | Gained mutation: You possess an exceptional clarity of
                  | mind. [Jiyva's grace]
 34282 | Elf:1    | Gained mutation: You are strong-willed. (Will+) [Jiyva's
                  | grace]
 34282 | Elf:1    | Gained mutation: You are highly strong-willed. (Will++)
                  | [Jiyva's grace]
 34282 | Elf:1    | Gained mutation: You are extremely strong-willed. (Will+++)
                  | [Jiyva's grace]
 34562 | Elf:1    | Got Sif Muna's Tome of Supportive Arcane Combat
 34665 | Elf:1    | Found Ismymorph's Weapon Shoppe.
 35040 | Elf:2    | Paralysed by an air elemental for 1 turns
 35136 | Elf:2    | Found a magical portal.
 35161 | WizLab   | Entered Eringya's Formal Garden
 35241 | WizLab   | Got Eringya's Elucidation of Decomposition
 35347 | WizLab   | Found a blossoming altar of Fedhas.
 35538 | WizLab   | Reached skill level 15 in Spellcasting
 35703 | Elf:2    | Identified the granite talisman of Repulsion {rC- Str+7
                  | Int-4}
 35703 | Elf:2    | Noticed Roxanne
 35720 | Elf:2    | Killed Roxanne
 35721 | Elf:2    | Reached XP level 19. HP: 95/98 MP: 17/39
 35721 | Elf:2    | Gained a life (2 lives remaining)
 35956 | Elf:2    | Found Xeatabun's Distillery.
 35959 | Elf:2    | Bought 2 potions of brilliance for 136 gold pieces
 35959 | Elf:2    | Bought a potion of magic for 136 gold pieces
 35959 | Elf:2    | Bought a potion of ambrosia for 136 gold pieces
 36036 | Elf:2    | Found a runed translucent gate.
 36037 | Elf:2    | Found a runed translucent gate.
 36037 | Elf:2    | Found a runed translucent gate.
 36474 | Elf:3    | Entered Level 3 of the Elven Halls
 36763 | Elf:3    | Lost mutation: You have claws for hands. [Jiyva's grace]
 36763 | Elf:3    | Lost mutation: You are extremely strong-willed. (Will+++)
                  | [Jiyva's grace]
 36763 | Elf:3    | Lost mutation: Your body has grown many eyes which may
                  | confuse attackers. (Acc +5) [Jiyva's grace]
 36763 | Elf:3    | Lost mutation: Armour fits poorly on your large pseudopods.
                  | [Jiyva's grace]
 36763 | Elf:3    | Gained mutation: Your body has grown many eyes which may
                  | confuse attackers. (Acc +5) [Jiyva's grace]
 36763 | Elf:3    | Gained mutation: Your body is covered in eyes which may
                  | confuse attackers. (Acc +7, SInv) [Jiyva's grace]
 36763 | Elf:3    | Gained mutation: You expend magic power (3 MP) to
                  | strengthen your wands. [Jiyva's grace]
 36763 | Elf:3    | Gained mutation: You have hidden genetic potential.
                  | [Jiyva's grace]
 37662 | Elf:3    | Identified the +2 morningstar of Dominance {speed, rPois
                  | rN+ Int+7 Stlth-}
 37921 | Elf:3    | Identified the +10 sling "Lohunn" {antimagic, Fly rN++}
 37948 | Elf:3    | Learned a level 9 spell: Death's Door
 38194 | Vaults:1 | Entered Level 1 of the Vaults
 38886 | Vaults:1 | Lost mutation: You have very sharp fingernails. [Jiyva's
                  | grace]
 38886 | Vaults:1 | Lost mutation: Your body is covered in eyes which may
                  | confuse attackers. (Acc +7, SInv) [Jiyva's grace]
 38886 | Vaults:1 | Lost mutation: Your body has grown many eyes which may
                  | confuse attackers. (Acc +5) [Jiyva's grace]
 38886 | Vaults:1 | Lost mutation: You have hidden genetic potential. [Jiyva's
                  | grace]
 38886 | Vaults:1 | Lost mutation: You are covered in slimy tendrils that may
                  | disarm your opponents. [Jiyva's grace]
 38886 | Vaults:1 | Gained mutation: Your translucent skin slightly reduces
                  | your foes' accuracy. (Stealth+) [Jiyva's grace]
 38886 | Vaults:1 | Gained mutation: Your translucent skin reduces your foes'
                  | accuracy. (Stealth+) [Jiyva's grace]
 38886 | Vaults:1 | Gained mutation: Your transparent skin significantly
                  | reduces your foes' accuracy. (Stealth+) [Jiyva's grace]
 38886 | Vaults:1 | Gained mutation: You have very sharp fingernails. [Jiyva's
                  | grace]
 39105 | Vaults:1 | Got the Anthology of Blasted Transportation
 39294 | Vaults:1 | Reached XP level 20. HP: 87/102 MP: 16/41
 39692 | Vaults:2 | Found Lyaf Cip's Assorted Antiques.
 39696 | Vaults:2 | Bought a potion of haste for 300 gold pieces
 39743 | Vaults:2 | Found a runed translucent door.
 39832 | Vaults:2 | Noticed Saint Roka
 39841 | Vaults:2 | Killed Saint Roka
 39930 | Vaults:2 | Noticed Mennas
 39961 | Vaults:2 | Noticed Bai Suzhen
 40098 | Vaults:2 | Killed Bai Suzhen
 40342 | Vaults:2 | Killed Mennas
 40804 | Vaults:2 | Lost mutation: You are highly strong-willed. (Will++)
                  | [Jiyva's grace]
 40804 | Vaults:2 | Lost mutation: Your transparent skin significantly reduces
                  | your foes' accuracy. (Stealth+) [Jiyva's grace]
 40804 | Vaults:2 | Gained mutation: You are somewhat resistant to further
                  | mutation. [Jiyva's grace]
 40804 | Vaults:2 | Gained mutation: You are somewhat resistant to both further
                  | mutation and mutation removal. [Jiyva's grace]
 40804 | Vaults:2 | Gained mutation: You are almost entirely resistant to
                  | further mutation and mutation removal. [Jiyva's grace]
 40804 | Vaults:2 | Gained mutation: You have a somewhat thin skeletal
                  | structure. (Dex +2, Stealth+) [Jiyva's grace]
 41169 | Vaults:2 | Got Cimoddo's Exposition on Shades and Topography
 41863 | Vaults:3 | Found a staircase to the Crypt.
 41863 | Vaults:3 | Found an ancient bone altar of Kikubaaqudgha.
 41864 | Vaults:3 | Found a basalt altar of Yredelemnul.
 42215 | Vaults:4 | Identified the +0 arbalest "Roqian" {heavy, ^Contam rPois
                  | Int+2}
 42244 | Vaults:4 | Noticed Zenata
 42427 | Vaults:4 | Lost mutation: You have very sharp fingernails. [Jiyva's
                  | grace]
 42427 | Vaults:4 | Lost mutation: You are partially covered in iridescent
                  | scales. (AC +2) [Jiyva's grace]
 42427 | Vaults:4 | Lost mutation: You are strong-willed. (Will+) [Jiyva's
                  | grace]
 42427 | Vaults:4 | Lost mutation: You are almost entirely resistant to further
                  | mutation and mutation removal. [Jiyva's grace]
 42427 | Vaults:4 | Gained mutation: You are strong-willed. (Will+) [Jiyva's
                  | grace]
 42427 | Vaults:4 | Gained mutation: You are highly strong-willed. (Will++)
                  | [Jiyva's grace]
 42427 | Vaults:4 | Gained mutation: You are extremely strong-willed. (Will+++)
                  | [Jiyva's grace]
 42427 | Vaults:4 | Gained mutation: You have a small jelly attached to you
                  | that may absorb projectiles. [Jiyva's grace]
 42544 | Vaults:4 | Reached skill level 27 in Necromancy
 42548 | Vaults:4 | Reached skill level 1 in Translocations
 42554 | Vaults:4 | Reached XP level 21. HP: 107/107 MP: 17/42
 42640 | Vaults:4 | Killed Zenata
 42781 | Vaults:4 | Reached skill level 5 in Translocations
 43136 | Crypt:1  | Entered Level 1 of the Crypt
 44081 | Crypt:2  | Found an ancient bone altar of Kikubaaqudgha.
 44108 | Crypt:2  | Lost mutation: You are extremely strong-willed. (Will+++)
                  | [Jiyva's grace]
 44108 | Crypt:2  | Lost mutation: You are highly strong-willed. (Will++)
                  | [Jiyva's grace]
 44108 | Crypt:2  | Lost mutation: You are somewhat resistant to both further
                  | mutation and mutation removal. [Jiyva's grace]
 44108 | Crypt:2  | Lost mutation: Your translucent skin reduces your foes'
                  | accuracy. (Stealth+) [Jiyva's grace]
 44108 | Crypt:2  | Lost mutation: Your translucent skin slightly reduces your
                  | foes' accuracy. (Stealth+) [Jiyva's grace]
 44108 | Crypt:2  | Lost mutation: You expend magic power (3 MP) to strengthen
                  | your wands. [Jiyva's grace]
 44108 | Crypt:2  | Gained mutation: Your translucent skin slightly reduces
                  | your foes' accuracy. (Stealth+) [Jiyva's grace]
 44108 | Crypt:2  | Gained mutation: Your translucent skin reduces your foes'
                  | accuracy. (Stealth+) [Jiyva's grace]
 44108 | Crypt:2  | Gained mutation: Your transparent skin significantly
                  | reduces your foes' accuracy. (Stealth+) [Jiyva's grace]
 44108 | Crypt:2  | Gained mutation: You are partially covered in iridescent
                  | scales. (AC +2) [Jiyva's grace]
 44323 | Crypt:2  | Reached skill level 15 in Summonings
 44682 | Crypt:3  | Entered Level 3 of the Crypt
 45182 | Crypt:3  | Slain by a jiangshi
 45182 | Crypt:3  | Lost a life (1 life remaining)
 45384 | Crypt:3  | Reached skill level 10 in Translocations
 45385 | Crypt:3  | Found a staircase to the Tomb.
 45520 | Crypt:3  | Noticed a curse toe
 45529 | Crypt:3  | Killed a curse toe
 45575 | Crypt:3  | Noticed an ancient lich
 45575 | Crypt:3  | Noticed a dread lich
 45575 | Crypt:3  | Noticed an ancient lich
 45575 | Crypt:3  | Noticed an ancient lich
 45584 | Crypt:3  | Learned a level 4 spell: Passage of Golubria
 45809 | Tomb:1   | Entered Level 1 of the Tomb of the Ancients
 45839 | Tomb:1   | Lost mutation: You have a somewhat thin skeletal structure.
                  | (Dex +2, Stealth+) [Jiyva's grace]
 45839 | Tomb:1   | Lost mutation: You possess an exceptional clarity of mind.
                  | [Jiyva's grace]
 45839 | Tomb:1   | Lost mutation: You are strong-willed. (Will+) [Jiyva's
                  | grace]
 45839 | Tomb:1   | Lost mutation: You are somewhat resistant to further
                  | mutation. [Jiyva's grace]
 45839 | Tomb:1   | Lost mutation: Your body has grown eyes which may confuse
                  | attackers. (Acc +3) [Jiyva's grace]
 45839 | Tomb:1   | Lost mutation: Your transparent skin significantly reduces
                  | your foes' accuracy. (Stealth+) [Jiyva's grace]
 45839 | Tomb:1   | Gained mutation: Your spells are a little harder to cast,
                  | but a little more powerful. [Jiyva's grace]
 45839 | Tomb:1   | Gained mutation: Your spells are harder to cast, but more
                  | powerful. [Jiyva's grace]
 45839 | Tomb:1   | Gained mutation: Your spells are much harder to cast, but
                  | much more powerful. [Jiyva's grace]
 45839 | Tomb:1   | Gained mutation: You are covered in slimy tendrils that may
                  | disarm your opponents. [Jiyva's grace]
 45945 | Tomb:1   | Reached XP level 22. HP: 70/111 MP: 11/44
 45945 | Tomb:1   | Gained a life (2 lives remaining)
 46320 | Tomb:1   | Noticed a royal mummy
 46331 | Tomb:1   | Killed a royal mummy
 46508 | Tomb:1   | Identified the +10 glaive of Sloth {speed, Dex+2}
 47491 | Spider:3 | Killed Louise
 47754 | Spider:4 | Entered Level 4 of the Spider Nest
 47972 | Spider:4 | Lost mutation: Your spells are much harder to cast, but
                  | much more powerful. [Jiyva's grace]
 47972 | Spider:4 | Gained mutation: Your natural rate of healing is unusually
                  | fast. [Jiyva's grace]
 47972 | Spider:4 | Gained mutation: You heal very quickly. [Jiyva's grace]
 47972 | Spider:4 | Gained mutation: You regenerate. [Jiyva's grace]
 47972 | Spider:4 | Gained mutation: You have a pair of small antennae on your
                  | head. [Jiyva's grace]
 48064 | Spider:4 | Found the +3 pair of mountain boots {steadfast, rC+}
 48084 | Spider:4 | Got a gossamer rune of Zot
 48501 | D:13     | Identified the +2 plate armour of Minor Irritation {rF++
                  | rCorr Str-2 Int+2}
 48634 | D:15     | Learned a level 7 spell: Malign Gateway
 48636 | Depths:1 | Entered Level 1 of the Depths
 48636 | Depths:1 | Found Tiggef's Book Shoppe.
 48639 | Depths:1 | Bought a book of Minor Magic for 320 gold pieces
 48642 | Depths:1 | Learned a level 2 spell: Blink
 48681 | Depths:1 | Found a gateway to Hell.
 48682 | Depths:1 | Found a one-way gate to the infinite horrors of the Abyss.
 48696 | Depths:1 | Found Feecono's Jewellery Emporium.
 48697 | Depths:1 | Found Hotashre's Book Boutique.
 48697 | Depths:1 | Found Agusib's Book Boutique.
 49740 | Depths:2 | Noticed Asterion
 49760 | Depths:1 | Killed Asterion
 49827 | Depths:2 | HP: 3/100 [drowned by a water elemental (7)]
 49827 | Depths:2 | HP: 1/100 [spectral tengu reaver (7)]
 49827 | Depths:2 | Annihilated by a spectral titan
 49827 | Depths:2 | Lost a life (1 life remaining)
 49932 | Depths:2 | Reached skill level 15 in Translocations
 50046 | Depths:2 | Reached XP level 23. HP: 114/115 MP: 27/46
 50046 | Depths:2 | Gained a life (2 lives remaining)
 50259 | Depths:2 | Identified the ring "Otuleax" {EV+5 SInv}
 51037 | Depths:2 | Found a one-way gateway to a ziggurat.
 51585 | Zig:1    | Entered Level 1 of a ziggurat
 51585 | Zig:1    | Lost mutation: You regenerate. [Jiyva's grace]
 51585 | Zig:1    | Lost mutation: Your spells are harder to cast, but more
                  | powerful. [Jiyva's grace]
 51585 | Zig:1    | Gained mutation: Your muscles are strong. (Str +4, Int/Dex
                  | -1) [Jiyva's grace]
 51585 | Zig:1    | Gained mutation: Your muscles are very strong. (Str +8,
                  | Int/Dex -2) [Jiyva's grace]
 51585 | Zig:1    | Gained mutation: You passively map a small area around you.
                  | [Jiyva's grace]
 51585 | Zig:1    | Gained mutation: You passively map the area around you.
                  | [Jiyva's grace]
 51645 | Zig:2    | Entered Level 2 of a ziggurat
 51745 | Zig:3    | Entered Level 3 of a ziggurat
 51848 | Zig:4    | Entered Level 4 of a ziggurat
 51855 | Zig:4    | Identified the amulet of Tynol {Reflect ^Contam rElec rF+++
                  | rCorr SH+5}
 52132 | Depths:3 | Noticed a juggernaut
 52147 | Depths:3 | Killed a juggernaut
 52695 | Depths:3 | Found a runed translucent door.
 53119 | Depths:4 | Entered Level 4 of the Depths
 53122 | Depths:4 | Identified the orb of Cloud Cover {light, Str+3}
 53122 | Depths:4 | Noticed Frederick
 53341 | Depths:4 | Noticed the Enchantress
 53348 | Depths:4 | Killed the Enchantress
 53433 | Depths:4 | Noticed Grunn
 53443 | Depths:4 | Reached XP level 24. HP: 14/113 MP: 5/48
 53444 | Depths:4 | Killed Grunn
 53472 | Depths:4 | Noticed Boris
 53705 | Depths:4 | Killed Boris
 53787 | Depths:4 | Found a gate to the Realm of Zot.
 54195 | Depths:4 | Killed Frederick
 54338 | Depths:4 | Lost mutation: You heal very quickly. [Jiyva's grace]
 54338 | Depths:4 | Lost mutation: Your muscles are very strong. (Str +8,
                  | Int/Dex -2) [Jiyva's grace]
 54338 | Depths:4 | Lost mutation: Your spells are a little harder to cast, but
                  | a little more powerful. [Jiyva's grace]
 54338 | Depths:4 | Lost mutation: Your translucent skin reduces your foes'
                  | accuracy. (Stealth+) [Jiyva's grace]
 54338 | Depths:4 | Gained mutation: You have a pair of antennae on your head.
                  | [Jiyva's grace]
 54338 | Depths:4 | Gained mutation: You have a pair of large antennae on your
                  | head. (SInv) [Jiyva's grace]
 54338 | Depths:4 | Gained mutation: You possess an exceptional clarity of
                  | mind. [Jiyva's grace]
 54338 | Depths:4 | Gained mutation: Your translucent skin reduces your foes'
                  | accuracy. (Stealth+) [Jiyva's grace]
 54403 | Depths:4 | Learned a level 8 spell: Summon Horrible Things
 54455 | Zot:1    | Entered Level 1 of the Realm of Zot
 55217 | Zot:2    | Identified the ring of Xoiff {Ice rN+ Int+3 Stlth-}
 55217 | Zot:2    | Noticed Josephina
 55229 | Zot:2    | Killed Josephina
 55929 | Zot:2    | Identified the +9 chain mail of Hairy Mirth {rF+}
 56006 | Zot:2    | Identified the +7 dagger of Absolution {venom, MP+9}
 56319 | Zot:3    | Noticed an orb of fire
 56329 | Zot:3    | Killed an orb of fire
 56480 | Zot:3    | Lost mutation: Your translucent skin reduces your foes'
                  | accuracy. (Stealth+) [Jiyva's grace]
 56480 | Zot:3    | Gained mutation: You are strong-willed. (Will+) [Jiyva's
                  | grace]
 56480 | Zot:3    | Gained mutation: You are highly strong-willed. (Will++)
                  | [Jiyva's grace]
 56480 | Zot:3    | Gained mutation: You are extremely strong-willed. (Will+++)
                  | [Jiyva's grace]
 56480 | Zot:3    | Gained mutation: You are robust. (+10% HP) [Jiyva's grace]
 57123 | Zot:4    | Reached XP level 25. HP: 135/135 MP: 1/51
 57214 | Zot:4    | Found an iron altar of Okawaru.
 57236 | Zot:4    | Noticed Vv
 57257 | Zot:4    | Killed Vv
 57594 | Zot:4    | Found Ogoen's Changing Room.
 57615 | Zot:4    | Bought a potion of mutation for 168 gold pieces
 57615 | Zot:4    | Bought a potion of mutation for 168 gold pieces
 57690 | Zot:4    | Noticed Parghit
 57698 | Zot:4    | Killed Parghit
 58089 | Zot:5    | Entered Level 5 of the Realm of Zot
 58398 | Zot:5    | Noticed an orb of fire
 58402 | Zot:5    | Noticed an orb of fire
 58404 | Zot:5    | Noticed a Killer Klown
 58406 | Zot:5    | Noticed an ancient lich
 58407 | Zot:5    | Noticed an orb of fire
 58408 | Zot:5    | Noticed a dread lich
 58408 | Zot:5    | Noticed an orb of fire
 58410 | Zot:5    | Noticed an ancient lich
 58410 | Zot:5    | Noticed a Killer Klown
 58411 | Zot:5    | Noticed a dread lich
 58412 | Zot:5    | Noticed a dread lich
 58412 | Zot:5    | Noticed a Killer Klown
 58515 | Zot:5    | Killed a Killer Klown
 58543 | Zot:5    | Killed an orb of fire
 58558 | Zot:5    | Killed a dread lich
 58787 | Zot:5    | Killed a Killer Klown
 58789 | Zot:5    | Killed an ancient lich
 58819 | Zot:5    | Killed a dread lich
 58958 | Zot:5    | Killed an orb of fire
 58969 | Zot:5    | Killed a dread lich
 59025 | Zot:5    | Killed an orb of fire
 59245 | Zot:5    | Killed an orb of fire
 59246 | Zot:5    | Reached XP level 26. HP: 140/140 MP: 26/54
 59349 | Zot:5    | Noticed an ancient lich
 59353 | Zot:5    | Noticed an ancient lich
 59609 | Zot:5    | Lost mutation: You are extremely strong-willed. (Will+++)
                  | [Jiyva's grace]
 59609 | Zot:5    | Lost mutation: You are highly strong-willed. (Will++)
                  | [Jiyva's grace]
 59609 | Zot:5    | Lost mutation: You passively map the area around you.
                  | [Jiyva's grace]
 59609 | Zot:5    | Lost mutation: Your muscles are strong. (Str +4, Int/Dex
                  | -1) [Jiyva's grace]
 59609 | Zot:5    | Lost mutation: You have a small jelly attached to you that
                  | may absorb projectiles. [Jiyva's grace]
 59609 | Zot:5    | Gained mutation: You have acidic saliva. [Jiyva's grace]
 59609 | Zot:5    | Gained mutation: Your body has grown eyes which may confuse
                  | attackers. (Acc +3) [Jiyva's grace]
 59609 | Zot:5    | Gained mutation: Your body has grown many eyes which may
                  | confuse attackers. (Acc +5) [Jiyva's grace]
 59609 | Zot:5    | Gained mutation: Your body is covered in eyes which may
                  | confuse attackers. (Acc +7, SInv) [Jiyva's grace]
 59721 | Zot:5    | Killed an ancient lich
 59724 | Zot:5    | Noticed an ancient lich
 59729 | Zot:5    | Killed an ancient lich
 59735 | Zot:5    | Killed an ancient lich
 59820 | Zot:5    | Reached skill level 27 in Spellcasting
 59831 | Zot:5    | Learned a level 4 spell: Animate Dead
 59883 | Zot:5    | Killed an ancient lich
 59926 | Zot:5    | Noticed a dread lich
 59947 | Zot:5    | Killed a dread lich
 60424 | Vaults:5 | Entered Level 5 of the Vaults
 60470 | Vaults:5 | Noticed Boris
 60482 | Vaults:5 | Killed Boris
 60583 | Vaults:5 | Got the Secrets of the Boreal Tropics
 60699 | Vaults:5 | Got a silver rune of Zot
 60812 | Vaults:5 | Identified the +2 morningstar "Killer Bee's Curse" {flame,
                  | +Blink SInv}
 60822 | Vaults:5 | Reached skill level 15 in Dodging
 60937 | Vaults:5 | Reached XP level 27. HP: 126/146 MP: 16/55
 60954 | Vaults:5 | Identified the amulet "Vexzimeq" {Acrobat Fly Dex+4}
 60997 | Vaults:5 | Identified the +1 helmet "Uklasm" {Str+3 Int-4}
 61003 | Vaults:5 | Got the Directory of Hyperbolic Accelerants
 61243 | Vaults:5 | Identified the +1 ring mail of Immorality {Dex+4}
 61721 | Tomb:2   | Noticed a royal mummy
 61721 | Tomb:2   | Noticed a royal mummy
 61722 | Tomb:2   | Lost mutation: You are strong-willed. (Will+) [Jiyva's
                  | grace]
 61722 | Tomb:2   | Lost mutation: You have acidic saliva. [Jiyva's grace]
 61722 | Tomb:2   | Lost mutation: Your body is covered in eyes which may
                  | confuse attackers. (Acc +7, SInv) [Jiyva's grace]
 61722 | Tomb:2   | Lost mutation: Armour fits poorly on your pseudopods.
                  | [Jiyva's grace]
 61722 | Tomb:2   | Lost mutation: You are covered in slimy tendrils that may
                  | disarm your opponents. [Jiyva's grace]
 61722 | Tomb:2   | Gained mutation: Your body is covered in eyes which may
                  | confuse attackers. (Acc +7, SInv) [Jiyva's grace]
 61722 | Tomb:2   | Gained mutation: Your muscles are strong. (Str +4, Int/Dex
                  | -1) [Jiyva's grace]
 61722 | Tomb:2   | Gained mutation: Your muscles are very strong. (Str +8,
                  | Int/Dex -2) [Jiyva's grace]
 61722 | Tomb:2   | Gained mutation: You have hidden genetic potential.
                  | [Jiyva's grace]
 61722 | Tomb:2   | Noticed a royal mummy
 61722 | Tomb:2   | Noticed a royal mummy
 61723 | Tomb:2   | Noticed a royal mummy
 61735 | Tomb:2   | Killed a royal mummy
 61741 | Tomb:2   | HP: 7/146 [bennu (11)]
 61742 | Tomb:2   | Killed a royal mummy
 61742 | Tomb:2   | Killed by a royal mummy's death curse
 61742 | Tomb:2   | Lost a life (1 life remaining)
 61742 | Tomb:2   | Killed a royal mummy
 61742 | Tomb:2   | Killed a royal mummy
 61774 | Tomb:2   | Killed a royal mummy
 62504 | Zot:5    | Got the Orb of Zot
 63024 | D:9      | Noticed Boris
 63231 | D:2      | Gained mutation: You are vulnerable to cold. (rC-) [a
                  | cacodemon]
 63279 | D:$      | Escaped with the Orb!

Illustrated notes

Levels and vault maps discovered:
D:1:      lightli_arrival_quake, layout_basic, st_stairs_12
D:2:      layout_basic, ebering_ecumenical_altar_abandoned, uniq_natasha
D:3:      layout_rooms
D:4:      layout_cave_pods, nicolae_overflow_crystal_walls,
          overflow_temple_1_default, grunt_ministairs_14
D:5:      layout_basic, nemelex_spade_bored_becter, serial_bayou,
          serial_bayou_pond_e, serial_bayou_pond_b, serial_bayou_lake_a,
          serial_bayou_pond_a, nicolae_shop_vocational
D:6:      layout_cave_pools, mainiacjoe_overflow_surrounded_room,
          uniq_blork_the_orc, uniq_jeremiah
D:7:      layout_gridville, minmay_temple_entry_fiery, roderic_batcave,
          nicolae_good_shop, uniq_menkaure
D:8:      layout_rooms, grunt_gozag_statues, st_stairs_4, uniq_amaemon
D:9:      layout_irregular_city, lair_entry_dummy, david_orc_3, serial_shops,
          shop, hangedman_decor_growths
D:10:     minmay_wavy_crystal, layout_cave_pods,
          nicolae_dithmenos_shadow_blocks, lemuel_flamethrower_2, uniq_maggie
D:11:     layout_irregular_city
D:12:     layout_loops_ring, gauntlet_entry_generic, grunt_ogre_cave,
          uniq_maurice
D:13:     layout_big_octagon, grunt_vaults_entry_tiered, enter_trove_0,
          portal_ice_cave_entry_pillars_1, minivault_1
D:14:     layout_rooms, uniq_nessos, uniq_kirke
D:15:     hangedman_depths_entry_civil_slaughter, layout_basic,
          hangedman_abyss_or_decor_jellyfish_corner, uniq_agnes
Temple:   lightli_temple_of_artemis
Lair:1:   layout_concentric_octagons, grunt_megastairs_5, serial_bayou_shore_a
Lair:2:   layout_chaotic_city, spider_nest_entry_rubble
Lair:3:   layout_hall_layers, elwin_shoals_entry_stream
Lair:4:   layout_long_grid, basic_altar, serial_bayou_shore_b,
          infiniplex_staircase_pool_2, grunt_megastairs_4
Lair:5:   grunt_lair_end_beastmaster, layout_hall_layers,
          nicolae_slime_entry_slimehenge, pond, uniq_urug
Shoals:1: layout_shoals, gammafunk_ghost_split
Shoals:2: cheibrodos_shoals_oceanic_diplomacy, layout_shoals
Shoals:3: layout_shoals, nicolae_shoals_goliath_grotto
Shoals:4: shoals_end_hellmonk_lost_city, uniq_mlioglotl, uniq_polyphemus
Spider:1: layout_spider_delve
Spider:2: layout_spider_delve, uniq_frances, uniq_azrael
Spider:3: layout_spider_delve, uniq_louise, uniq_mara
Spider:4: hellmonk_spider_rune_endless_swarm, drop_trap
Slime:1:  layout_caves
Slime:2:  layout_caves
Slime:3:  cheibrodos_slime_lost_civilization_1, layout_caves, basic_altar,
          nicolae_slime_barrier, cheibrodos_slime_lost_civilization_5
Slime:4:  layout_caves
Slime:5:  slime_pit_nicolae_trefoil
Orc:1:    gammafunk_beogh_shrine, layout_caves, basic_altar, ebering_ghost_gozag
Orc:2:    pf_orc_diabolical, layout_caves
Elf:1:    nicolae_elf_arrival_dilemma, layout_loops_corners, serial_shops,
          nicolae_shop_advertising_works [nicolae_subvault_shop_adworks],
          minmay_elf_sorcery, kilobyte_rumbling_trees, uniq_nikola
Elf:2:    nicolae_elf_blades_crystal_corner, layout_gridlike, mu_enter_wizlab_4,
          serial_shops, nicolae_shop_just_a_little_nook, lemuel_elevator,
          uniq_roxanne
Elf:3:    elf_hall_gauntlet_narrow, layout_loops_cross
Vaults:1: nicolae_vaults_ellipses_ellipsis, nicolae_vaults_heart-shaped_vault,
          v_misc_33, hangedman_vaults_restitches, v_pattern_2,
          vaults_room_stairs_pillars, hangedman_vaults_nails,
          nicolae_vaults_trapezoid_lopsided_3, vaults_room_hangedman_quadrants,
          nicolae_vaults_rhombus_7, nicolae_vaults_diagonal_hallway_7,
          layout_vaults_chaotic_city
Vaults:2: ontoclasm_vaults_claustrophobia, nicolae_vaults_oozy_zoo,
          nicolae_vaults_ring_of_whatevers, nicolae_vaults_octothorpe,
          nicolae_vaults_rhombus_6, nicolae_vaults_windows_and_doors_thing,
          nicolae_vaults_doubleplus_tesselated, nicolae_vaults_tetromino_T_1,
          layout_vaults_omnigrid, serial_shops, nicolae_shop_real_fake_doors,
          uniq_bai_suzhen, uniq_mennas, uniq_saint_roka
Vaults:3: st_smaller_cells, minmay_crypt_entry_necro_gods,
          nicolae_vaults_wrenched, ontoclasm_vaults_gateway,
          nicolae_vaults_triangles, vaults_mumra_minichess_inversion,
          hangedman_vaults_capsules, hangedman_vaults_river_flow,
          vaults_room_corners, nicolae_vaults_double_plus_2,
          layout_vaults_omnicross
Vaults:4: grunt_vaults_diagonal, nicolae_vaults_octothorpe,
          vaults_mumra_hexcomb, hangedman_vaults_unwind,
          nicolae_vaults_yaktaur_gun_rack, nicolae_vaults_layer_cake_slice,
          nicolae_vaults_diamond_1, nicolae_vaults_whirlpool_walls,
          nicolae_vaults_swerve, hangedman_vaults_trim,
          nicolae_vaults_trapezoid_3, layout_vaults_ring, uniq_margery,
          uniq_zenata
Vaults:5
Crypt:1:  layout_catacombs, roderic_lattice_octagonal_star
Crypt:2:  layout_chaotic_city, basic_altar,
          serial_library_hellmonk_reading_circle
Crypt:3:  david_glass_crypt, layout_misc_corridors, tomb_entry_simple_bobbens
Tomb:1
Tomb:2
Depths:1: minmay_bloctagon_deflated, layout_basic, abyss_entry,
          serial_corexii_hall, corexii_hall_statues_i,
          chequers_hall_statues_wall_a, serial_shops, shop,
          chequers_serial_rivers_micro_b, hell_entry, lemuel_flamethrower_3,
          firewood_loft, minmay_shop_grove
Depths:2: lemuel_river_lethe, hell_entry, pan_entry, uniq_asterion
Depths:3: hangedman_cross_cluster, layout_gridlike, grunt_pan_entry_in_and_out,
          hell_entry, abyss_entry, minmay_st_funbox, nicolae_keep_em_comin
Depths:4: grunt_zot_entry_funnels, layout_cave_pools, serial_sigils,
          serial_sigils_hangedman_stare, serial_sigils_hangedman_shear,
          serial_sigils_hangedman_etch, serial_sigils_hangedman_writhe,
          serial_sigils_hangedman_confine, hell_entry, serial_bayou_shore_b,
          uniq_frederick, uniq_enchantress, uniq_boris, uniq_grunn
Zot:1:    layout_misc_corridors,
          regret_index_zotdec_abyssal_contain_seething_sorcery,
          grunt_ministairs_10
Zot:2:    layout_basic, uniq_josephina
Zot:3:    layout_basic
Zot:4:    layout_gridville, regret_index_zotdec_fiery_em,
          nicolae_transmutations_shop, uniq_parghit, uniq_vv
Zot:5:    layout_basic

Skill      XL: |  1  2  3  4  5  6  7  8  9 10 11 12 13 14 15 16 17 18 19 20 21 22 23 24 25 26 27 |
---------------+----------------------------------------------------------------------------------+-----
Summonings     | 5 6 8 10 11 13 14 15 17 19 20 21 22 | 22.4
Spellcasting   | 3 4 6 8 9 10 11 12 14 15 16 17 18 20 23 26 27 | 27.0
Fire Magic     | 2 3 4 5 |  5.0
Air Magic      | 4 5 |  5.0
Dodging        | 4 7 9 10 15 17 | 17.4
Stealth        | 5 8 10 | 10.0
Evocations     | 2 5 |  5.0
Fighting       | 2 5 6 8 10 | 10.0
Necromancy     | 1 6 9 12 15 18 20 22 24 27 | 27.0
Hexes          | 6 8 |  8.0
Translocations | 1 10 15 | 15.0

Action                     |  1- 3 |  4- 6 |  7- 9 | 10-12 | 13-15 | 16-18 | 19-21 | 22-24 | 25-27 || total
---------------------------+-------+-------+-------+-------+-------+-------+-------+-------+-------++-------
  Melee: Unarmed           |    10 |     6 |     7 |    14 |    62 |    22 |     5 |    13 |     2 ||   141
         Bite              |     1 |     3 |       |     2 |     8 |     4 |       |     3 |       ||    21
         Punch             |       |     1 |     1 |     1 |       |     1 |       |     3 |       ||     7
         Pseudopods        |       |       |       |       |       |     5 |     3 |     4 |       ||    12
   Cast: Summon Small Mamm |    33 |    19 |    45 |    15 |     9 |       |       |       |       ||   121
         Call Imp          |    11 |    19 |    36 |    28 |    43 |       |       |       |       ||   137
         Call Canine Famil |     3 |    17 |    40 |    38 |    96 |    42 |     9 |       |       ||   245
         Summon Blazeheart |       |       |    10 |    70 |    61 |       |       |       |       ||   141
         Summon Lightning  |       |       |       |    40 |    40 |     3 |       |       |       ||    83
         Martyr's Knell    |       |       |       |    17 |    96 |    74 |    53 |    49 |    24 ||   313
         Death Channel     |       |       |       |       |    68 |    73 |    53 |    68 |    30 ||   292
         Anguish           |       |       |       |       |    54 |    53 |     5 |       |       ||   112
         Haunt             |       |       |       |       |    60 |   244 |   333 |   371 |   173 ||  1181
         Infestation       |       |       |       |       |     3 |    46 |   186 |   177 |    94 ||   506
         Dispel Undead     |       |       |       |       |     2 |    15 |    46 |    20 |     7 ||    90
         Summon Cactus Gia |       |       |       |       |       |    53 |    28 |    12 |     1 ||    94
         Death's Door      |       |       |       |       |       |       |     6 |    20 |     9 ||    35
         Passage of Golubr |       |       |       |       |       |       |     9 |       |       ||     9
         Malign Gateway    |       |       |       |       |       |       |       |     9 |    11 ||    20
         Summon Horrible T |       |       |       |       |       |       |       |    21 |    82 ||   103
         Blink             |       |       |       |       |       |       |       |     5 |     1 ||     6
         Animate Dead      |       |       |       |       |       |       |       |       |     1 ||     1
 Invoke: Unearth Wretches  |       |       |       |       |    30 |       |       |       |       ||    30
         Receive Forbidden |       |       |       |       |     1 |       |       |       |       ||     1
         Slimify           |       |       |       |       |       |     1 |       |       |       ||     1
  Evoke: Wand              |       |       |     1 |    20 |    49 |    41 |     4 |     5 |    11 ||   131
         Sack of spiders   |       |       |       |     1 |     3 |     3 |     3 |     3 |       ||    13
         Lightning rod     |       |       |       |       |       |    12 |     4 |     1 |       ||    17
         Phantom mirror    |       |       |       |       |       |       |     4 |     1 |       ||     5
         Tin of tremorston |       |       |       |       |       |       |       |       |     2 ||     2
    Use: Scroll            |       |     4 |     7 |     8 |    22 |    20 |    12 |     9 |    12 ||    94
         Potion            |       |       |     3 |    11 |    23 |    11 |     8 |     7 |    10 ||    73
   Stab: Sleeping          |     2 |       |       |       |       |       |       |       |       ||     2
         Paralysed         |       |       |       |     5 |    33 |     6 |       |       |       ||    44
         Distracted        |       |       |       |     1 |     1 |       |       |       |       ||     2
         Petrified         |       |       |       |       |     3 |       |       |       |       ||     3
 Armour: Skin              |     6 |     7 |    26 |    62 |   177 |   161 |   104 |   230 |   120 ||   893
  Dodge: Dodged            |    11 |     7 |    48 |   106 |   285 |   245 |   168 |   347 |   169 ||  1386
  Block: Other             |       |       |       |     1 |       |       |       |    11 |    20 ||    32
   Form: Beast             |     1 |       |       |       |       |       |       |       |       ||     1
